 Dungeon Crawl Stone Soup version 0.29.1-15-g9cfb28693d (webtiles) character file.

Game seed: 14900440439972366649

76 gum the Chopper (level 4, -11/38 (40) HPs)
             Began as a Hill Orc Monk on Apr 4, 2023.
             Mangled by Crazy Yiuf
             ... wielding a +2 quarterstaff of chaos
              (12 damage)
             ... on level 4 of the Dungeon.
             The game lasted 00:06:56 (1976 turns).

gum the Chopper (Hill Orc Monk)                     Turns: 1976, Time: 00:06:57

HP:   -11/38 (40)   AC:  9    Str: 15    XL:     4   Next: 32%
MP:   4/4           EV: 10    Int: 16    God:
Gold: 107           SH:  0    Dex: 13    Spells: 3/3 levels left

rFire   . . .      SeeInvis .   a - +0 hand axe
rCold   . . .      Faith    .   (no shield)
rNeg    . . .      Spirit   .   f - +1 scale mail
rPois   .          Reflect  .   j - +0 helmet
rElec   .          Harm     .   (no cloak)
rCorr   .          Rampage  .   d - +0 pair of gloves
Will    .....                   (no boots)
Stlth   ..........              (no amulet)
HPRegen 0.12/turn               i - +6 ring of intelligence
MPRegen 0.09/turn               (no ring)

@: drained
A: no striking features
a: no special abilities


You were on level 4 of the Dungeon.
You visited 1 branch of the dungeon, and saw 4 of its levels.

You collected 107 gold pieces.

Inventory:

Hand Weapons
 a - a +0 hand axe (weapon)
Armour
 b - a +0 robe
 d - a +0 pair of gloves (worn)
 f - a +1 scale mail (worn)
 j - a +0 helmet (worn)
Jewellery
 i - a +6 ring of intelligence (left hand)
 k - a ring of flight
Wands
 o - a wand of charming (7)
 q - a wand of polymorph (5)
Scrolls
 g - a scroll of enchant armour
 h - 4 scrolls of identify
 p - a scroll of vulnerability {unknown}
 s - a scroll of noise {unknown}
 t - a scroll of fog {unknown}
Potions
 c - a potion of ambrosia
 e - a potion of magic {unknown}
 m - a potion of mutation {unknown}
 r - a potion of haste {unknown}
 u - a potion of resistance {unknown}


   Skills:
 + Level 4.3 Fighting
 * Level 5.5 Axes
 + Level 1.6 Armour
 - Level 2.5 Dodging
 - Level 1.5 Stealth


You had 3 spell levels left.
You didn't know any spells.
Your spell library contained the following spells:

 Spells                   Type           Power      Damage    Failure   Level
 Summon Guardian Golem    Hex/Summ       0%         N/A       96%         3
 Orb of Destruction       Conj           0%         9d5       100%        7
 Spellforged Servitor     Conj/Summ      0%         N/A       100%        7


Dungeon Overview and Level Annotations

Branches:
Dungeon (3/15)

Altars:

Shops:
D:1 [*?

Annotations:
D:2 Sigmund
D:4 Crazy Yiuf, Natasha


Message History

The iguana is almost dead.
The gnoll barely misses you. The gnoll hits you but does no damage.
The iguana bites you but does no damage.
A kobold comes into view. It is wielding a +0 short sword.
The kobold shouts!
You hit the iguana.
You kill the iguana!
The gnoll completely misses you. The gnoll closely misses you.
You have reached level 4!
It was a potion of curing.
You feel better.
The gnoll hits you from afar with a +0 halberd!
* * * LOW HITPOINT WARNING * * *
You feel better. The gnoll barely misses you.
You feel better. The gnoll hits you but does no damage.
Found a hammer.
Found a runed translucent door.
The gnoll hits the fungus with a +0 halberd!
The fungus begins to die.
The gnoll hits the fungus with a +0 spear.
The fungus begins to die.
Crazy Yiuf shouts!
The air fills with toxic fumes!
As you read the scroll labelled OFUQOGHEECKI, it crumbles to dust.
It was a scroll of poison.
Crazy Yiuf screams, "Paint!"
You open the door. You hit Crazy Yiuf.
Crazy Yiuf is lightly wounded.
Crazy Yiuf hits you with a +2 quarterstaff of chaos!
* * * LOW HITPOINT WARNING * * *
You feel drained.
* * * LOW HITPOINT WARNING * * *
You hit Crazy Yiuf.
Crazy Yiuf is moderately wounded.
Crazy Yiuf hits you but does no damage.
You hit Crazy Yiuf.
Crazy Yiuf is moderately wounded.
Crazy Yiuf hits you with a +2 quarterstaff of chaos!
* * * LOW HITPOINT WARNING * * *
Space warps horribly around you!
You die...

.... ### #K### ##
#.g.# ###.# #.##
#..# ##.# ###
♣♣###.# #)..#♣♣
♣♣.#.K.#
#...g@♣♣♣♣.Pgg..#
#...#♣§§♣..Pg..##
### ♣♣♣§♣.P#.##
♣♣♣♣♣###


You could see Crazy Yiuf.

Vanquished Creatures
  An iguana (D:4)
  An adder (D:3)
  2 worms (D:2)
  A dart slug (D:1)
  2 ball pythons
  An endoplasm (D:1)
  3 giant cockroaches
  3 goblins
  2 hobgoblins
  3 kobolds
  4 quokkas
  2 bats
  4 frilled lizards
  6 rats
35 creatures vanquished.

Vanquished Creatures (others)
  2 fungi (D:4)
2 creatures vanquished.

Grand Total: 37 creatures vanquished

Notes
Turn   | Place    | Note
-------+----------+-------------------------------------------
     0 | D:1      | gum the Hill Orc Monk began the quest for the Orb.
     0 | D:1      | Reached XP level 1. HP: 19/19 MP: 1/1
   271 | D:1      | Found Zeodoips's Magic Scroll Emporium.
   374 | D:1      | Reached XP level 2. HP: 27/27 MP: 2/2
   496 | D:1      | Found Sithemol's Assorted Antiques.
   580 | D:1      | Found Attauvve's Armour Shoppe.
  1003 | D:2      | Reached XP level 3. HP: 30/33 MP: 3/3
  1021 | D:2      | Reached skill level 1 in Armour
  1166 | D:2      | Identified the +2 spear of the Bursted God {drain, rPois
                  | rF- Int+8}
  1209 | D:2      | Reached skill level 5 in Axes
  1314 | D:2      | Noticed Sigmund
  1570 | D:3      | You fall into a shaft and drop 1 floor!
  1690 | D:4      | Noticed a black bear
  1691 | D:4      | Noticed Natasha
  1947 | D:4      | Reached XP level 4. HP: 6/40 MP: 4/4
  1967 | D:4      | Found a runed translucent door.
  1968 | D:4      | Noticed Crazy Yiuf
  1976 | D:4      | HP: 1/38 [Crazy Yiuf/+2 quarterstaff of chaos (7)]
  1976 | D:4      | Mangled by Crazy Yiuf

Illustrated notes

Levels and vault maps discovered:
D:1:      dpeg_arrival_simpleton_b, layout_loops_ring, serial_shops,
          nicolae_shop_temple_entry_statues_fountains, shop_statue, shop,
          serial_bayou_pond_e, minmay_misc_feat_hallway
D:2:      layout_loops_cross, basic_altar, columned_hall_lemuel,
          chequers_garden, uniq_sigmund
D:3:      layout_loops_ring, chequers_ecumenical_altar_simple, bh_walls_and_bars
D:4:      minmay_wonky_spiral, layout_cave_pools, gammafunk_ghost_split,
          kennysheep_cluttered_room, uniq_blork_the_orc,
          uniq_crazy_yiuf_cottage, uniq_natasha

Skill      XL: |  1  2  3 |
---------------+----------+-----
Fighting       | 4 |  4.3
Armour         | 1 |  1.6
Axes           | 5 |  5.5
Dodging        | |  2.5
Stealth        | |  1.5

Action                   |  1- 3 |  4- 6 || total
-------------------------+-------+-------++-------
Melee: Hand axe          |   136 |     3 ||   139
       Punch             |     1 |       ||     1
  Use: Scroll            |     3 |     1 ||     4
       Potion            |       |     3 ||     3
 Stab: Sleeping          |     4 |       ||     4
Armor: Scale mail        |    55 |     2 ||    57
       Robe              |     1 |       ||     1
Dodge: Dodged            |    91 |     1 ||    92
